 Dungeon Crawl Stone Soup version 0.28.0-43-g3370ac3207 (webtiles) character file.

Game seed: 12761136428338604900

224 Peloso the Skirmisher (level 5, -3/47 HPs)
             Began as a Minotaur Fighter on Mar 17, 2022.
             Killed from afar by an orc wizard (10 damage)
             ... with a puff of flame
             ... on level 4 of the Dungeon.
             The game lasted 00:04:23 (3678 turns).

Peloso the Skirmisher (Minotaur Fighter)            Turns: 3678, Time: 00:04:24

Health: -3/47      AC:  7    Str: 20    XL:     5   Next: 67%
Magic:  4/4        EV: 10    Int:  5    God:
Gold:   154        SH:  5    Dex: 12    Spells: 4/4 levels left

rFire   . . .      SeeInvis .   a - +0 long sword
rCold   . . .      Faith    .   c - +0 buckler
rNeg    . . .      Spirit   .   b - +0 scale mail
rPois   .          Reflect  .   (helmet restricted)
rElec   .          Harm     .   (no cloak)
rCorr   .          Rampage  .   (no gloves)
Will    .....                   (no boots)
Stlth   ..........              (no amulet)
HPRegen 0.15/turn               (no ring)
MPRegen 0.09/turn               (no ring)

@: no status effects
A: horns 2, retaliatory headbutt
a: no special abilities


You were on level 4 of the Dungeon.
You visited 1 branch of the dungeon, and saw 4 of its levels.

You collected 154 gold pieces.

Inventory:

Hand Weapons
 a - a +0 long sword (weapon)
Armour
 b - a +0 scale mail (worn)
 c - a +0 buckler (worn)
Jewellery
 f - a ring of poison resistance
Scrolls
 e - 2 scrolls of teleportation {unknown}
 j - 2 scrolls of identify {unknown}
 l - a scroll of enchant armour {unknown}
 m - a scroll of noise {unknown}
 n - a scroll of blinking {unknown}
Potions
 d - a potion of might
 g - a potion of haste {unknown}
 h - 3 potions of degeneration {unknown}
 i - a potion of mutation {unknown}
 k - a potion of curing {unknown}
 o - a potion of lignification {unknown}
 p - 2 potions of flight {unknown}


   Skills:
 + Level 4.9 Fighting
 + Level 4.1 Long Blades
 + Level 4.6 Armour
 + Level 1.7 Dodging
 + Level 0.1 Stealth
 + Level 4.8 Shields


You had 4 spell levels left.
You didn't know any spells.
Your spell library was empty.

Dungeon Overview and Level Annotations

Branches:
Dungeon (4/15)
 Temple: D:4-7

Altars:
Dithmenos
Gozag
Trog

Annotations:
D:2 Sigmund


Innate Abilities, Weirdness & Mutations

You have a pair of horns on your head.
You reflexively headbutt those who attack you in melee.


Message History

You are confused.
You bump into the rock wall.
A gnoll comes into view. It is wielding a +0 spear.
A gnoll comes into view. It is wielding a +0 flail.
You bump into the rock wall.
The orc wizard completely misses you.
Unknown command.
You barely miss the orc wizard.
The orc wizard hits you with a +0 dagger.
You bump into the rock wall.
You feel less confused.
The orc wizard gestures at you while chanting.
The magic dart hits you. The orc hits you with a +0 whip.
The orc wizard gestures wildly while chanting.
The orc wizard flickers and vanishes!
You hear some strange, mumbled words.
A puff of flame appears from out of thin air!
The puff of flame misses you. Something hits you but does no damage.
The gnoll hits you but does no damage.
You hit something. You block something's attack. The gnoll misses you.
You miss something. Your headbutt misses something.
You hear some strange, mumbled words.
A puff of flame appears from out of thin air!
The puff of flame hits you!
The gnoll hits you from afar with a +0 spear.
You slash something! Your headbutt misses something. Something hits you.
The gnoll hits you from afar with a +0 spear.
The gnoll hits you with a +0 flail.
You closely miss something. Something hits you but does no damage.
The gnoll hits you from afar with a +0 spear.
* * * LOW HITPOINT WARNING * * *
You block the gnoll's attack.
You hear some strange, mumbled words.
A magic dart appears from out of thin air!
The magic dart hits you!
* * * LOW HITPOINT WARNING * * *
You hear some strange, mumbled words.
A puff of flame appears from out of thin air!
The puff of flame hits you!
You die...

#... ....... .
#...###.....## .
............#.## #.........
#..# #...#.###....
..####........##
...##............†<..#.
....#.....#####............
......... #.g@....#......
......... ##.{##..###.....
........# #.{g###..# .....
##......## #..o##...# ....
#..>....g####.##^#..# ...
#......{...#......## ...
#............##...#
#.$.....#.#..##...#
#......#.$.#.........


You could see 2 gnolls and an orc.

Vanquished Creatures
  A killer bee zombie (D:3)
  A hound skeleton (D:4)
  Robin (D:2)
  2 adders
  4 gnolls
  An ufetubus (D:4)
  3 worms
  2 dart slugs
  3 orcs (D:3)
  5 bats
  5 endoplasms
  3 giant cockroaches
  14 goblins
  13 hobgoblins
  14 jackals
  9 kobolds
  A quokka (D:2)
  5 ball pythons
  3 frilled lizards
  A quokka skeleton (D:4)
  7 rats
98 creatures vanquished.

Notes
Turn   | Place    | Note
-------+----------+-------------------------------------------
     0 | D:1      | Peloso the Minotaur Fighter began the quest for the Orb.
     0 | D:1      | Reached XP level 1. HP: 19/19 MP: 0/0
   211 | D:1      | Reached XP level 2. HP: 17/27 MP: 1/1
   780 | D:1      | Reached XP level 3. HP: 33/33 MP: 2/2
  1537 | D:2      | Noticed Robin
  1553 | D:2      | Reached XP level 4. HP: 30/41 MP: 3/3
  1721 | D:2      | Killed Robin
  1729 | D:2      | Reached skill level 1 in Dodging
  2145 | D:2      | Found a faded altar of an unknown god.
  2146 | D:2      | Noticed Sigmund
  2465 | D:3      | Reached XP level 5. HP: 27/47 MP: 4/4
  2834 | D:3      | Found a shadowy altar of Dithmenos.
  3066 | D:3      | Found an opulent altar of Gozag.
  3375 | D:3      | Found a bloodstained altar of Trog.
  3678 | D:4      | Killed from afar by an orc wizard

Illustrated notes

Levels and vault maps discovered:
D:1:      wander_arrival_chamber, layout_loops_ring
D:2:      layout_basic, hellmonk_ecumenical_altar_arch_garden,
          minmay_misc_feat_roman, chequers_avenue, uniq_robin, uniq_sigmund
D:3:      layout_loops_corners, general_overflow_altar,
          nicolae_dithmenos_through_a_glass_darkly, lightli_temple_of_fire
D:4:      minmay_spotlight, layout_cave_pools, amcnicky_altar_gilded

Skill      XL: |  1  2  3  4  5 |
---------------+----------------+-----
Fighting       | 4 |  4.9
Shields        | 4 |  4.8
Armour         | 4 |  4.6
Long Blades    | 3 4 |  4.1
Dodging        | 1 |  1.7
Stealth        | |  0.1

Action                   |  1- 3 |  4- 6 || total
-------------------------+-------+-------++-------
Melee: Long sword        |   110 |   118 ||   228
       Headbutt          |    14 |    12 ||    26
Armor: Scale mail        |    58 |    64 ||   122
Dodge: Dodged            |    65 |    68 ||   133
Block: Buckler           |    22 |    29 ||    51
